 Dungeon Crawl Stone Soup version 0.17-a0-776-gd86b262 (webtiles) character file.

89 Zwobot the Conjurer (level 4, 0/27 HPs)
             Began as an Octopode Conjurer on Apr 24, 2015.
             Succumbed to an adder's poison
             ... on level 2 of the Dungeon.
             The game lasted 00:07:25 (2296 turns).

Zwobot the Conjurer (Octopode Conjurer)             Turns: 2296, Time: 00:07:25

Health: 0/27       AC:  1    Str:  7    XL:     4   Next: 55%
Magic:  0/7        EV: 12    Int: 18    God:
Gold:   26         SH:  0    Dex: 12    Spells: 3 memorised, 1 level left

rFire  . . .     SeeInvis .     (no weapon)
rCold  . . .     Clarity  .     (no shield)
rNeg   . . .     SustAb   .     (helmet restricted)
rPois  .         Gourm    .     (no amulet)
rElec  .         Spirit   .     (no ring)
rCorr  .         Warding  .     (no ring)
rMut   .         Stasis   .     (no ring)
MR     .....                    (no ring)
Stlth  +++.......               (no ring)
                                (no ring)
                                (no ring)
                                (no ring)

@: lethally poisoned (0 -> -7), flying, not resistant to hostile enchantments,
fairly stealthy
A: almost no armour, amphibious, 8 rings, constrict 8, camouflage 1, gelatinous
body 1
a: no special abilities


You were on level 2 of the Dungeon.
You were hungry.

You visited 1 branch of the dungeon, and saw 2 of its levels.

You collected 26 gold pieces.

Inventory:

Hand weapons
 i - a +0 short sword
Missiles
 j - 2 throwing nets (quivered)
Jewellery
 h - an uncursed ring of ice
Scrolls
 k - a scroll of identify {unknown}
Books
 a - a book of Conjurations

   Spells                             Type                      Level
   a - Magic Dart                     Conjuration                  1
   b - Searing Ray                    Conjuration                  2
   c - Dazzling Spray                 Conjuration/Hexes            3
   d - Fulminant Prism                Conjuration/Hexes            4
   e - Iskenderun's Mystic Blast      Conjuration                  4
   f - Iskenderun's Battlesphere      Conjuration/Charms           5
Comestibles
 b - 3 bread rations
 c - a chunk of flesh
 f - 4 fruits


   Skills:
 - Level 2.0 Dodging
 - Level 2.6 Stealth
 - Level 2.0 Spellcasting
 + Level 5.7 Conjurations
 + Level 0.8 Hexes


You had one spell level left.
You knew the following spells:

 Your Spells              Type           Power        Failure   Level  Hunger
a - Magic Dart            Conj           ###.         1%          1    #......
b - Searing Ray           Conj           ###...       2%          2    ###....
c - Dazzling Spray        Conj/Hex       ##......     17%         3    ###....


Dungeon Overview and Level Annotations

Branches:
Dungeon (2/15)

Altars:
Trog
Zin


Innate Abilities, Weirdness & Mutations

You cannot wear most types of armour.
You are amphibious.
You can wear up to eight rings at the same time.
You can use your tentacles to constrict eight enemies at once.
Your skin changes colour to match your surroundings (Stealth).
Your rubbery body absorbs attacks (AC +1).


Message History

The magic dart hits the adder.
The adder is heavily wounded.
* * * LOW HITPOINT WARNING * * *
You feel sick. The adder barely misses you.
You closely miss the adder. You grab the adder.
The adder is heavily wounded.
Your surroundings suddenly seem different.
You lose your grip on something.
* * * LOW HITPOINT WARNING * * *
You feel sick.
Found a dagger.
A giant newt comes into view.
A rat comes into view.
The kobold shouts!
* * * LOW HITPOINT WARNING * * *
You feel sick.
* * * LOW HITPOINT WARNING * * *
You feel sick.
You aren't carrying any potions.
You die...

#.#.#.#.#.# #......#
#.........# ####.#.##
..#.#.#.#.## #.....
...)......# #######... #
..#.#.#.#.!####.......#.
#
......................#.
#
......................#.
#
...................#####.
# ##..@.......... #.
#....K....... ##.
######..r......... .†..
.....).?.......... ####
.......##...##### #
...... #l..# #. ......
#...# # ...... #...# . .
.. #...# ##


You could see a kobold, a giant newt and a rat.

Vanquished Creatures
  Terence (D:2)
  An adder (D:2)
  2 worms (D:2)
  2 giant geckos (D:2)
  3 bats
  6 giant cockroaches
  6 hobgoblins
  2 jackals (D:1)
  7 kobolds
  5 giant newts
  9 goblins
  4 rats
48 creatures vanquished.

Notes
Turn   | Place    | Note
--------------------------------------------------------------
     0 | D:1      | Zwobot, the Octopode Conjurer, began the quest for the Orb.
     0 | D:1      | Reached XP level 1. HP: 11/11 MP: 3/3
   317 | D:1      | Reached XP level 2. HP: 17/17 MP: 3/5
   343 | D:1      | Learned a level 2 spell: Searing Ray
  1193 | D:1      | Reached XP level 3. HP: 21/21 MP: 1/6
  1391 | D:2      | Noticed Terence
  1408 | D:2      | Killed Terence
  1408 | D:2      | Reached skill level 5 in Conjurations
  1627 | D:2      | Found a glowing silver altar of Zin.
  1648 | D:2      | Reached XP level 4. HP: 27/27 MP: 4/7
  1681 | D:2      | Learned a level 3 spell: Dazzling Spray
  1698 | D:2      | Found a bloodstained altar of Trog.
  2295 | D:2      | HP: 1/27 [poisoned by an adder]
  2296 | D:2      | Succumbed to an adder's poison

Action                   |  1- 3 |  4- 6 || total
-------------------------+-------+-------++-------
Melee: Unarmed           |    26 |    14 ||    40
 Cast: Magic Dart        |    45 |    24 ||    69
       Searing Ray       |     2 |     5 ||     7
  Use: Scroll            |     4 |     1 ||     5
       Potion            |       |     2 ||     2
 Stab: Sleeping          |     1 |     1 ||     2
  Eat: Chunk             |     3 |     2 ||     5
